 Dungeon Crawl Stone Soup version 0.31-a0-222-gefeffbb62a (webtiles) character file.

Game seed: 10765481732669580818

1 reriks the Gusty (level 1, -4/13 HPs)
             Began as a Barachi Air Elementalist on July 5, 2023.
             Slain by a gnoll
             ... wielding a +0 whip
              (7 damage)
             ... on level 1 of the Dungeon.
             The game lasted 00:00:59 (103 turns).

reriks the Gusty (Barachi Air Elementalist)          Turns: 103, Time: 00:00:59

Health: -4/13      AC:  2    Str:  9    XL:     1   Next: 20%
Magic:  1/3        EV: 12    Int: 15    God:
Gold:   49         SH:  0    Dex: 12    Spells: 3/4 levels left

rFire   . . .        (no weapon)
rCold   . . .        (no shield)
rNeg    . . .        a - +0 robe
rPois   .            (no helmet)
rElec   .            (no cloak)
rCorr   .            (no gloves)
SInv    .            (no boots)
Will    .....        (no amulet)
Stlth   ++           (no ring)
HPRegen 0.22/turn    (no ring)
MPRegen 0.08/turn

%: no passive effects
@: slow
A: amphibious, slowness 1, strong legs 1, +LOS
a: Hop


You were on level 1 of the Dungeon.
You visited 1 branch of the dungeon, and saw 1 of its levels.

You collected 49 gold pieces.

Inventory:

Hand Weapons
 c - a +1 dagger of venom
Armour
 a - a +0 robe (worn)
Potions
 b - a potion of magic


   Skills:
 + Level 2.2 Dodging
 + Level 1.8 Stealth
 + Level 2.2 Spellcasting
 + Level 1.1 Conjurations
 + Level 3.3 Air Magic


You had 3 spell levels left.
You knew the following spells:

 Your Spells              Type           Power      Damage    Failure   Level
a - Shock                 Conj/Air       32%        1d5       9%          1

Your spell library contained the following spells:

 Spells                   Type           Power      Damage    Failure   Level
 Static Discharge         Conj/Air       16%        2-3/arc   13%         2
 Swiftness                Air            11%        N/A       17%         3
 Airstrike                Air            5%         2d(1-17)  50%         4


Dungeon Overview and Level Annotations

Branches:
Dungeon (1/15)

Altars:


Innate Abilities, Weirdness & Mutations

You are amphibious.
You cover ground slowly.
You can hop short distances.
You have an extended range of vision and can be seen from far away.


Message History

Casting: Shock (safe; 9% risk of failure)
Confirm with . or Enter, or press ? or * to list all spells.
You don't have enough magic to cast this spell.
Casting: Shock (safe; 9% risk of failure)
Confirm with . or Enter, or press ? or * to list all spells.
You don't have enough magic to cast this spell.
Casting: Shock (safe; 9% risk of failure)
Confirm with . or Enter, or press ? or * to list all spells.
Aiming: Shock (safe; 9% risk of failure)
Press: ? - help, Shift-Dir - straight line, f/p - gnoll
Aim: a gnoll, wielding a +0 whip (severely wounded, 72% to hit)
The zap hits the gnoll.
The gnoll is almost dead.
The gnoll attacks as you move away! The gnoll barely misses you.
The ball python closely misses you. The ball python grabs you.
The ball python constricts you. The gnoll hits you with a +0 whip!
Ouch! That really hurt!
You escape the ball python's grasp.
The gnoll attacks as you move away! The gnoll closely misses you.
The gnoll barely misses you.
Things that are here:
a +1 dagger of venom; a goblin corpse
c - a +1 dagger of venom The gnoll hits you with a +0 whip.
* * * LOW HITPOINT WARNING * * *
Okay, then.
Okay, then.
Unknown command.
The gnoll attacks as you move away! The gnoll misses you.
The ball python barely misses you. The ball python grabs you.
The ball python constricts you.
You escape the ball python's grasp.
The ball python attacks as you move away!
The ball python bites you but does no damage.
The gnoll hits you but does no damage. The gnoll attacks as you move away!
The gnoll barely misses you.
There is a stone staircase leading down here.
The gnoll hits you with a +0 whip!
Ouch! That really hurt!
You die...

#.............. ####
############...###.######. #..
..#.....†....####.## #.
##.######.#.#...........#..#####.
............#.#####..............
##.#........#.#####..............
#.#........#.#.....~~~~~~~~~~~~~
#.#.............gS.≈≈≈≈≈~≈≈~≈~≈≈
#.#........#.#.@...~≈≈≈≈≈≈≈≈~≈≈≈
#.#.......#........~≈≈#+#+#≈≈≈≈≈
#.#.......#........~≈≈+ ##'###
#.####..#.#........≈≈≈+ #.....
.......###.........~≈≈# #+#.####
####..#.####......≈~~≈#...#...
#.#.# #....⌠(.~≈~+.⌠.'.<. #.#.
#.#..⌠..≈~≈+.⌠.'... #.#
#......~~~≈#...#...


You could see a gnoll and a ball python.

Vanquished Creatures
  A goblin (D:1)
1 creature vanquished.

Notes
Turn   | Place    | Note
-------+----------+-------------------------------------------
     0 | D:1      | reriks the Barachi Air Elementalist began the quest for the
                  | Orb.
     0 | D:1      | Reached XP level 1. HP: 13/13 MP: 3/3
   103 | D:1      | Slain by a gnoll

Illustrated notes

Levels and vault maps discovered:
D:1:      dpeg_arrival_castle, layout_loops_ring, minivault_4

Action                     || total
---------------------------++-------
   Cast: Shock             ||     5
 Armour: Robe              ||     2
  Dodge: Dodged            ||     7

Table legend: (Time is in decaauts)
 A = Elapsed time spent in this place.
 B = Non-inter-level travel time spent in this place.
 C = Inter-level travel time spent in this place.
 D = Time resting spent in this place.
 E = Time spent auto-exploring this place.
 F = Levels seen in this place.
 G = Mean time per level.
                   A        B        C        D        E       F      G
               +--------+--------+--------+--------+--------+-----+--------+
         Total |    118 |    118 |      0 |      0 |     80 |   1 |  118.0 |
       Dungeon |    118 |    118 |      0 |      0 |     80 |   1 |  118.0 |
               +--------+--------+--------+--------+--------+-----+--------+

Top non-repeatable levels by time:
     D:1: 118 daAuts
